 Dungeon Crawl Stone Soup version 0.28-a0-1128-gb845255321 (webtiles) character file.

Game seed: 16290573553056862855

9 Essalna the Firebug (level 2, 19/19 HPs)
             Began as a Demonspawn Fire Elementalist on Dec 12, 2021.
             Got out of the dungeon alive.
             The game lasted 00:01:06 (549 turns).

Essalna the Firebug (Demonspawn Fire Elementalist)   Turns: 549, Time: 00:01:06

Health: 19/19      AC:  2    Str:  8    XL:     2   Next: 3%
Magic:  5/5        EV: 12    Int: 16    God:
Gold:   30         SH:  0    Dex: 13    Spells: 4/5 levels left

rFire   . . .      SeeInvis .   b - +0 whip
rCold   . . .      Faith    .   (no shield)
rNeg    . . .      Spirit   .   a - +0 robe
rPois   .          Reflect  .   (no helmet)
rElec   .          Harm     .   (no cloak)
rCorr   .          Rampage  .   (no gloves)
Will    .....                   (no boots)
Stlth   ++........              (no amulet)
HPRegen 0.06/turn               (no ring)
MPRegen 0.09/turn               (no ring)

@: no status effects
A: demonic touch 1
a: no special abilities


You escaped.
You visited 1 branch of the dungeon, and saw 1 of its levels.

You collected 30 gold pieces.

Inventory:

Hand Weapons
 b - a +0 whip (weapon)
Armour
 a - a +0 robe (worn)


   Skills:
 - Level 1.7 Dodging
 - Level 1.7 Stealth
 + Level 2.2 Spellcasting
 + Level 1.4 Conjurations
 + Level 2.9 Fire Magic


You had 4 spell levels left.
You knew the following spells:

 Your Spells              Type           Power      Damage    Failure   Level
a - Foxfire               Conj/Fire      32%        2x1d5     9%          1

Your spell library contained the following spells:

 Spells                   Type           Power      Damage    Failure   Level
 Scorch                   Fire           22%        2d6       10%         2
 Shock                    Conj/Air       16%        1d4       16%         1
 Conjure Flame            Conj/Fire      8%         6-21      26%         3
 Inner Flame              Hex/Fire       6%         N/A       32%         3
 Flame Wave               Conj/Fire      8%         2d4       63%         4


Dungeon Overview and Level Annotations

Branches:
Dungeon (1/15)

Altars:


Innate Abilities, Weirdness & Mutations

Your touch may inflict minor irresistible damage on your foes.


Message History

The foxfire hits the kobold.
You kill the kobold!
Things that are here:
a +0 whip; 3 stones; a kobold corpse
b - a +0 whip Your foxfire dissipates!
b - a +0 whip (weapon)
Things that are here:
3 stones; a kobold corpse
Found a faded altar of an unknown god.
You pick up Plato's Grimoire of the Birds and begin reading...
You add the spell Shock to your library.
There is a faded altar of an unknown god here.
You now have 23 gold pieces (gained 7).
You now have 30 gold pieces (gained 7).
A kobold comes into view. It is wielding a +0 whip of venom.
The kobold shouts!
You conjure some foxfire!
You conjure some foxfire!
The foxfire hits the kobold.
The kobold is moderately wounded.
There is not enough space to conjure foxfire!
You barely miss the kobold.
The kobold is moderately wounded.
The foxfire hits the kobold.
You kill the kobold!
You have reached level 2!
Your demonic ancestry asserts itself...
Your hands begin to faintly glow with unholy energy.
Things that are here:
a +0 whip of venom; a kobold corpse
Things that are here:
3 stones; a kobold corpse You open the door.
There is an open door here.
There is a fountain of clear blue water here.
You enter the shallow water.
Moving in this stuff is going to be slow.
There is a staircase leading out of the dungeon here.
Are you sure you want to leave the Dungeon?
This will make you lose the game!
You have escaped!

#≈≈≈≈≈≈≈≈≈≈≈≈≈#
#.#
#≈≈≈≈≈≈≈≈≈≈≈≈≈#
###.#
#≈≈≈≈≈≈≈≈≈≈≈≈≈#
#...#
#≈≈≈≈≈≈≈≈≈≈≈≈≈#
#.###
#≈≈≈≈≈≈≈≈≈≈≈≈≈#
#.#
#≈≈≈≈≈≈≈≈≈≈≈≈≈#
#.#
#≈≈≈≈≈≈≈≈≈≈≈≈≈#
#.#
#≈≈≈≈≈...≈≈≈≈≈#
#.#
#≈≈≈≈..@..≈≈≈≈#
#.#
#≈≈≈≈≈...≈≈≈≈≈#
#.#
#≈≈≈≈≈≈≈≈≈≈≈≈≈#
#.#
#≈≈≈≈≈≈≈≈≈≈≈≈≈#
#.#
#≈≈≈≈≈≈≈≈≈≈≈≈≈#
#.#
#≈≈≈≈≈≈≈≈≈≈≈≈≈#
#.# ..
###############
#.# ##.#
#.######.######.#
...#
#...............#


There were no monsters in sight!

Vanquished Creatures
  2 hobgoblins (D:1)
  A ball python (D:1)
  3 frilled lizards (D:1)
  2 kobolds (D:1)
  2 rats (D:1)
10 creatures vanquished.

Vanquished Creatures (others)
  23 foxfires (D:1)
23 creatures vanquished.

Grand Total: 33 creatures vanquished

Notes
Turn   | Place    | Note
-------+----------+-------------------------------------------
     0 | D:1      | Essalna the Demonspawn Fire Elementalist began the quest
                  | for the Orb.
     0 | D:1      | Reached XP level 1. HP: 13/13 MP: 3/3
   395 | D:1      | Found a faded altar of an unknown god.
   401 | D:1      | Got Plato's Grimoire of the Birds
   451 | D:1      | Gained mutation: Your touch may inflict minor irresistible
                  | damage on your foes. [demonic ancestry]
   451 | D:1      | Reached XP level 2. HP: 19/19 MP: 1/5
   549 | D:$      | Got out of the dungeon alive.

Illustrated notes

Levels and vault maps discovered:
D:1:      zaba_arrival_water, layout_loops_ring,
          shapermc_ecumenical_altar_rom_forum

Action                   || total
-------------------------++-------
Melee: Unarmed           ||    12
       Whip              ||     1
 Cast: Foxfire           ||    15
Armor: Robe              ||     1
Dodge: Dodged            ||    16

Table legend: (Time is in decaauts)
 A = Elapsed time spent in this place.
 B = Non-inter-level travel time spent in this place.
 C = Inter-level travel time spent in this place.
 D = Time resting spent in this place.
 E = Time spent auto-exploring this place.
 F = Levels seen in this place.
 G = Mean time per level.
                   A        B        C        D        E       F      G
               +--------+--------+--------+--------+--------+-----+--------+
         Total |    561 |    459 |    102 |      0 |    383 |   1 |  561.0 |
       Dungeon |    561 |    459 |    102 |      0 |    383 |   1 |  561.0 |
               +--------+--------+--------+--------+--------+-----+--------+

Top non-repeatable levels by time:
     D:1: 561 daAuts
